 Dungeon Crawl Stone Soup version 0.24-a0-189-g5d897e9104 (webtiles) character file.

Game seed: 13471258828214950258

10 MrRokkomies the Sneak (level 2, -1/19 HPs)
             Began as an Octopode Assassin on Mar 17, 2019.
             Slain by a jackal (2 damage)
             ... on level 1 of the Dungeon.
             The game lasted 00:00:34 (69 turns).

MrRokkomies the Sneak (Octopode Assassin)             Turns: 69, Time: 00:00:34

Health: -1/19      AC:  1    Str: 10    XL:     2   Next: 20%
Magic:  2/2        EV: 13    Int: 13    God:
Gold:   0          SH:  0    Dex: 13    Spells: 1/1 levels left

rFire    . . .     SeeInvis .   a - +2 dagger
rCold    . . .     Gourm    .   (no shield)
rNeg     . . .     Faith    .   (helmet restricted)
rPois    .         Spirit   .   (no amulet)
rElec    .         Reflect  .   (no ring)
rCorr    .         Harm     .   (no ring)
MR       .....                  (no ring)
Stlth    ++++......             (no ring)
HPRegen  0.06/turn              (no ring)
MPRegen  0.08/turn              (no ring)
                                (no ring)
                                (no ring)

@: no status effects
A: almost no armour, stealthy swim, amphibious, 8 rings, constrict 8, camouflage
1, gelatinous body 1
a: no special abilities


You were on level 1 of the Dungeon.
You were not hungry.

You visited 1 branch of the dungeon, and saw 1 of its levels.

Inventory:

Hand Weapons
 a - a +2 dagger (weapon)
 b - a +0 blowgun
Missiles
 c - 8 poisoned needles
 d - 2 curare-tipped needles
 h - 3 stones (quivered)
Scrolls
 e - a scroll of fear {unknown}
 g - a scroll of enchant armour {unknown}
Potions
 i - a potion of might {unknown}
Comestibles
 f - a ration


   Skills:
 - Level 2.0 Fighting
 - Level 2.0 Short Blades
 * Level 2.3 Throwing
 * Level 1.5 Dodging
 + Level 5.4 Stealth


You had one spell level left.
You didn't know any spells.
Your spell library was empty.

Dungeon Overview and Level Annotations

Branches:
Dungeon (1/15)

Altars:


Innate Abilities, Weirdness & Mutations

You cannot wear most types of armour.
You are very stealthy in the water. (Stealth+)
You are amphibious.
You can wear up to eight rings at the same time.
You can use your tentacles to constrict eight enemies at once.
Your skin changes colour to match your surroundings (Stealth+).
Your rubbery body absorbs attacks. (AC +1, EV +1)


Message History

You constrict the jackal, but do no damage.
The jackal bites you. The jackal closely misses you.
You release your grip on the jackal.
The hobgoblin hits you.
* * * LOW HITPOINT WARNING * * *
The jackal closely misses you.
Things that are here:
a leopard gecko corpse; a jackal corpse The jackal closely misses you.
The hobgoblin hits you.
* * * LOW HITPOINT WARNING * * *
Unknown command.
You hit the hobgoblin.
You kill the hobgoblin!
The jackal bites you.
* * * LOW HITPOINT WARNING * * *
The jackal barely misses you.
Things that are here:
4 gold pieces; a hobgoblin corpse You hit the jackal but do no damage.
Your grab misses the jackal. The jackal bites you.
You die...

######################
#.....................
#....†.............†..
#.. #...####...#####.
#...##†..# #...# #.
#....@h..####...# #.
#......>=.......# #.
#.....................
#...#######...........
#... #...#####... #...
#...# .. #.. #...# #..
#...# ..... .


You could see a jackal.

Vanquished Creatures
  A leopard gecko (D:1)
  A hobgoblin (D:1)
  3 jackals (D:1)
  A kobold (D:1)
  A frilled lizard (D:1)
  A rat (D:1)
8 creatures vanquished.

Notes
Turn   | Place    | Note
-------+----------+-------------------------------------------
     0 | D:1      | MrRokkomies the Octopode Assassin began the quest for the
                  | Orb.
     0 | D:1      | Reached XP level 1. HP: 14/14 MP: 1/1
    61 | D:1      | Reached XP level 2. HP: 15/19 MP: 2/2
    69 | D:1      | Slain by a jackal

Levels and vault maps discovered:
D:1:      dpeg_arrival_boxorama, layout_loops_ring

Action                   || total
-------------------------++-------
Melee: Dagger            ||    15
       Constrict         ||     5
       Tentacles         ||     4
 Stab: Sleeping          ||     1
Dodge: Dodged            ||    13

Table legend:
 A = Non-vault XP
 B = Vault XP
 C = Vault XP percentage of total XP
 D = Non-vault monster count
 E = Vault monster count
 F = Vault count percentage of total count
                 A         B        C        D         E       F
            +---------+---------+-------+---------+---------+-------
      Total |      15 |       0 |   0.0 |       8 |       0 |   0.0
            +---------+---------+-------+---------+---------+-------
        D:1 |      15 |       0 |   0.0 |       8 |       0 |   0.0
            +---------+---------+-------+---------+---------+-------
